 Dungeon Crawl Stone Soup version 0.21.1-1-g345015f (webtiles) character file.

149 kae the Insei (level 5, -3/42 HPs)
             Began as a Demonspawn Monk on Apr 28, 2018.
             Slain by Crazy Yiuf
             ... wielding a +4 quarterstaff of chaos
              (17 damage)
             ... on level 2 of the Dungeon.
             The game lasted 00:02:42 (2651 turns).

kae the Insei (Demonspawn Monk)                     Turns: 2651, Time: 00:02:43

Health: -3/42      AC: 12    Str: 12    XL:     5   Next: 9%
Magic:  0/5        EV: 13    Int: 11    God:
Gold:   159        SH:  0    Dex: 16    Spells: 4/4 levels left

rFire    . . .     SeeInvis .     - Unarmed
rCold    . . .     Gourm    .   (no shield)
rNeg     . . .     Faith    .   a - +1 robe
rPois    .         Spirit   +   (no helmet)
rElec    .         Reflect  .   (no cloak)
rCorr    .         Harm     .   e - +2 pair of gloves
MR       .....                  (no boots)
Stlth    ++........             (no amulet)
HPRegen  0.14/turn              (no ring)
MPRegen  0.09/turn              (no ring)

@: sanguine armour
A: powered by death 1, magic shield, sanguine armour 1
a: no special abilities


You were on level 2 of the Dungeon.
You were not hungry.

You visited 1 branch of the dungeon, and saw 2 of its levels.

You collected 159 gold pieces.

Inventory:

Armour
 a - a +1 robe (worn)
 e - a +2 pair of gloves (worn)
Wands
 g - a wand of random effects (33)
 j - a wand of digging (12)
Scrolls
 l - a scroll of identify
 m - 2 scrolls of remove curse {unknown}
 o - a scroll of immolation {unknown}
 p - a scroll of fear {unknown}
Potions
 c - a potion of mutation
 d - a potion of heal wounds {unknown}
 f - 2 potions of curing {unknown}
 h - a potion of degeneration {unknown}
 i - 2 potions of resistance {unknown}
 k - a potion of flight {unknown}
 n - a potion of brilliance {unknown}
 q - a potion of haste {unknown}
Comestibles
 b - 4 rations


   Skills:
 + Level 4.1 Fighting
 - Level 2.6 Dodging
 - Level 1.7 Stealth
 * Level 4.6 Unarmed Combat


You had 4 spell levels left.
You didn't know any spells.

Dungeon Overview and Level Annotations

Branches:
Dungeon (2/15)

Altars:
Xom

Annotations:
D:2 Crazy Yiuf


Innate Abilities, Weirdness & Mutations

You regenerate a little health from kills.
When hurt, damage is shared between your health and your magic reserves.
When seriously injured, your bleeding wounds create armour. (AC +6)


Message History

You hit Crazy Yiuf.
Crazy Yiuf is heavily wounded.
Crazy Yiuf grits, "Liver!"
Crazy Yiuf hits you with a quarterstaff of chaos.
You hit Crazy Yiuf.
Crazy Yiuf is severely wounded.
Crazy Yiuf hits you with a quarterstaff of chaos!
Your blood congeals into armour.
You are electrocuted!
You are too injured to fight recklessly!
You are too injured to fight recklessly!
You are too injured to fight recklessly!
You are too injured to fight recklessly!
You are too injured to fight recklessly!
You are too injured to fight recklessly!
You barely miss Crazy Yiuf.
Crazy Yiuf is severely wounded.
You closely miss Crazy Yiuf.
Crazy Yiuf is severely wounded.
Crazy Yiuf hits you with a quarterstaff of chaos!!
You die...

.###.#.#
#..............)
.# #.#.#
#.###.##........
.# #.#.#
#.##............
.###.#.#
#.##.....#.#...#
...†.#.#
#####.####.#...#
.#####.#
#(..........
.......# #####
#.####.##..#
.##†#### #.g)#
#...........
.##.########
#.@.#
#.##.#......
###........#
#...#
#...........
.........###
##'##
#.##.####.#.
.........# ##.#
#.##.#......
.........# #.##
#.##.#######
.........# ##.#
#.##.# #
.........# #.##
#.##.#######
.........# ##.##
#...........
.........#
#...##
#.##.#######


You could see Crazy Yiuf.

Vanquished Creatures
  Jessica (D:1)
  Robin (D:2)
  An adder (D:2)
  3 oozes
  2 worms (D:2)
  3 dart slugs
  2 leopard geckos
  6 bats
  4 giant cockroaches
  16 goblins
  6 hobgoblins
  7 jackals
  4 quokkas (D:2)
  2 ball pythons (D:2)
  2 frilled lizards (D:2)
  6 kobolds
  5 rats
  A plant (D:2)
72 creatures vanquished.

Vanquished Creatures (others)
  A plant (D:2)
1 creature vanquished.

Grand Total: 73 creatures vanquished

Notes
Turn   | Place    | Note
-------+----------+-------------------------------------------
     0 | D:1      | kae the Demonspawn Monk began the quest for the Orb.
     0 | D:1      | Reached XP level 1. HP: 18/18 MP: 1/1
   290 | D:1      | Gained mutation: You regenerate a little health from kills. [demonic ancestry]
   290 | D:1      | Reached XP level 2. HP: 24/24 MP: 2/2
   656 | D:1      | Gained mutation: When hurt, damage is shared between your health and your magic reserves. [demonic ancestry]
   656 | D:1      | Reached XP level 3. HP: 29/29 MP: 3/3
  1317 | D:2      | Found a shimmering altar of Xom.
  1420 | D:2      | Noticed Robin
  1435 | D:2      | Noticed Jessica
  1444 | D:1      | Killed Jessica
  1444 | D:1      | Reached XP level 4. HP: 32/37 MP: 4/4
  1718 | D:2      | Killed Robin
  2189 | D:2      | Found a runed door.
  2307 | D:2      | Gained mutation: When seriously injured, your bleeding wounds create armour. (AC +6) [demonic ancestry]
  2307 | D:2      | Reached XP level 5. HP: 42/42 MP: 5/5
  2638 | D:2      | Noticed Crazy Yiuf
  2651 | D:2      | Slain by Crazy Yiuf

Skill      XL: |  1  2  3  4 |
---------------+-------------+-----
Unarmed Combat | 3 4 |  4.6
Fighting       | 4 |  4.1
Dodging        | |  2.6
Stealth        | |  1.7

Action                   |  1- 3 |  4- 6 || total
-------------------------+-------+-------++-------
Melee: Unarmed           |   168 |   224 ||   392
       Punch             |     3 |    13 ||    16
  Use: Scroll            |     4 |     1 ||     5
 Stab: Sleeping          |     2 |     5 ||     7
  Eat: Chunk             |     1 |     5 ||     6
Armor: Robe              |    42 |    52 ||    94
Dodge: Dodged            |   114 |    95 ||   209
